 Dungeon Crawl Stone Soup version 0.31-a0-1370-gf52a5a9ab3 (webtiles) character file.

Game seed: 11191960087094692703

58 Akett the Ruffian (level 3, 0/23 HPs)
             Began as a Demonspawn Shapeshifter on Dec 24, 2023.
             Succumbed to a kobold's poison
             ... on level 2 of the Dungeon.
             The game lasted 00:03:36 (1206 turns).

Akett the Ruffian (Demonspawn Shapeshifter)         Turns: 1206, Time: 00:03:36

Health: 0/23       AC:  2    Str: 15 (16) XL:     3   Next: 75%
Magic:  3/3        EV: 12    Int: 16      God:
Gold:   21         SH:  0    Dex: 11 (12) Spells: 2/2 levels left

rFire   . .          .
                       - Unarmed
rCold   . . .        (no shield)
rNeg    . . .        a - +0 animal skin
rPois   .            (helmet currently unavailable)
rElec   .            (cloak currently unavailable)
rCorr   .            (gloves currently unavailable)
SInv    .            (boots currently unavailable)
Will    .....        (no amulet)
Stlth   +            b - +6 ring of intelligence
HPRegen 0.23/turn    (no ring)
MPRegen 0.08/turn

%: no passive effects
@: lethally poisoned (0 -> -6), beast-form
A: beast (slay +1), horns 1, frail 1
a: Begin Untransformation


You were on level 2 of the Dungeon.
You were a hulking beast.
You visited 1 branch of the dungeon, and saw 2 of its levels.

You collected 21 gold pieces.

Inventory:

Armour
 a - a +0 animal skin (worn)
 e - a +2 pair of boots
Jewellery
 b - a +6 ring of intelligence (left hand)
Talismans
 c - a beast talisman (active)
 d - a flux talisman
Scrolls
 f - a scroll of acquirement {unknown}
 h - a scroll of enchant weapon {unknown}
 i - a scroll of teleportation {unknown}


   Skills:
 - Level 1.0 Fighting
 - Level 1.7 Dodging
 * Level 3.8 Unarmed Combat
 + Level 3.2 Shapeshifting


You had 2 spell levels left.
You didn't know any spells.
Your spell library was empty.

Dungeon Overview and Level Annotations

Branches:
Dungeon (2/15)

Altars:


Innate Abilities, Weirdness & Mutations

You are a hulking beast.
Your limbs bulge with bestial killing power. (Slay +1)
You have a pair of small horns on your head.
You are frail. (-10% HP)


Message History

You kill the endoplasm!
No target in view!
You see here an adder corpse.
You see here a jackal corpse.
You open the door.
There is an open door here.
You open the door.
A kobold and a goblin come into view.
The kobold is wielding a +2 dagger of venom.
The kobold shouts!
The goblin shouts!
Found an escape hatch in the floor.
There is an open door here.
You hit the goblin.
You kill the goblin!
You see here a +0 dagger.
You closely miss the kobold.
The kobold hits you with a +2 dagger of venom.
You are poisoned.
You closely miss the kobold. Your headbutt misses the kobold.
You feel sick.
The kobold hits you with a +2 dagger of venom.
You are lethally poisoned!
You hit the kobold.
You kill the kobold!
You feel very sick.
You are too injured to fight recklessly!
You feel very sick.
There is an escape hatch in the floor here.
Things that are here:
a +2 dagger of venom; a kobold corpse
There is a lethal amount of poison in your body!
You aren't carrying any potions.
* * * LOW HITPOINT WARNING * * *
You feel very sick.
You see here a +0 dagger.
* * * LOW HITPOINT WARNING * * *
You feel sick.
There is an open door here.
* * * LOW HITPOINT WARNING * * *
You feel sick.
You die...

###################
........h..........
##########...#########
.......>)'...'......#
##########...######.#
#..†††...## .#
#.######.# .# ####.#
#.#######.#
#####...S####
#)##).....##
#...†.......#
#..)...........#


There were no monsters in sight!

Vanquished Creatures
  An adder (D:2)
  A dart slug (D:2)
  2 ball pythons (D:1)
  5 endoplasms
  4 goblins
  3 hobgoblins (D:1)
  7 jackals
  3 quokkas (D:1)
  3 frilled lizards
  7 kobolds
  3 rats (D:1)
39 creatures vanquished.

Notes
Turn   | Place    | Note
-------+----------+-------------------------------------------
     0 | D:1      | Akett the Demonspawn Shapeshifter began the quest for the
                  | Orb.
     0 | D:1      | Reached XP level 1. HP: 15/15 MP: 1/1
   275 | D:1      | Gained mutation: You have a pair of small horns on your
                  | head. [demonic ancestry]
   275 | D:1      | Reached XP level 2. HP: 18/21 MP: 2/2
   449 | D:1      | Gained mutation: You are frail. (-10% HP) [potion of
                  | mutation]
   631 | D:1      | Reached XP level 3. HP: 19/23 MP: 3/3
  1205 | D:2      | HP: 1/23 [poisoned by a kobold]
  1206 | D:2      | Succumbed to a kobold's poison

Illustrated notes

Levels and vault maps discovered:
D:1:      mrwooster_arrival_statue_3, layout_basic
D:2:      kennysheep_the_goblin_king, layout_basic, basic_altar

Skill      XL: |  1  2 |
---------------+-------+-----
Unarmed Combat | 3 |  3.8
Shapeshifting  | 3 |  3.2
Fighting       | |  1.0
Dodging        | |  1.7

Action                     || total
---------------------------++-------
  Melee: Unarmed           ||   101
         Headbutt          ||    12
         Punch             ||     2
    Use: Potion            ||     3
   Stab: Sleeping          ||     1
 Armour: Animal skin       ||    41
         Skin              ||    10
  Dodge: Dodged            ||    60
   Form: Beast             ||     1

Table legend: (Time is in decaauts)
 A = Elapsed time spent in this place.
 B = Non-inter-level travel time spent in this place.
 C = Inter-level travel time spent in this place.
 D = Time resting spent in this place.
 E = Time spent auto-exploring this place.
 F = Levels seen in this place.
 G = Mean time per level.
                   A        B        C        D        E       F      G
               +--------+--------+--------+--------+--------+-----+--------+
         Total |   1199 |   1183 |     16 |    184 |    741 |   2 |  599.5 |
       Dungeon |   1199 |   1183 |     16 |    184 |    741 |   2 |  599.5 |
               +--------+--------+--------+--------+--------+-----+--------+

Top non-repeatable levels by time:
     D:1: 1020 daAuts
     D:2: 178 daAuts
